 Dungeon Crawl Stone Soup version 0.27-a0-1099-g7f87ac42b0 (webtiles) character file.

Game seed: 15546232173148301996

696 Gaff the Magician (level 7, -4/49 HPs)
             Began as a Djinni Earth Elementalist on Apr 27, 2021.
             Was a Believer of the Shining One.
             Killed by divine providence
             ... invoked by an orc priest
              (16 damage)
             ... on level 5 of the Dungeon.
             The game lasted 00:15:19 (4974 turns).

Gaff the Magician (Djinni Earth Elementalist)       Turns: 4974, Time: 00:15:20

Health: -4/49      AC:  7    Str:  7    XL:     7   Next: 64%
Gold:   232        EV: 12    Int: 18    God:    the Shining One [**....] SH:  5 Dex: 14

rFire    + + .     SeeInvis +   n - +0 dagger (venom)
rCold    x . .     Faith    .   g - +0 buckler
rNeg     + . .     Spirit   .   c - +0 robe
rPois    ∞         Reflect  .   p - +0 helmet
rElec    .         Harm     .   (no cloak)
rCorr    .         Rampage  .   (no gloves)
Will     .....                  (boots unavailable)
Stlth    +.........             (no amulet)
HPRegen  0.16/turn              i - +4 ring of protection
MPRegen  0.00/turn              j - ring of see invisible

@: flying, glowing
A: fire resistance 2, cold vulnerability 1, float, innate caster, hp casting,
extra vitality 1
a: Renounce Religion, Divine Shield


You were on level 5 of the Dungeon.
You worshipped the Shining One.
The Shining One was pleased with you.
You visited 1 branch of the dungeon, and saw 5 of its levels.

You collected 232 gold pieces.

Inventory:

Hand Weapons
 f - a +0 dagger
 n - a +0 dagger of venom (weapon)
Missiles
 b - 150 stones
Armour
 c - a +0 robe (worn)
 g - a +0 buckler (worn)
 o - a +0 animal skin
 p - a +0 helmet (worn)
Jewellery
 i - a +4 ring of protection (left hand)
 j - a ring of see invisible (right hand)
Wands
 r - a wand of polymorph (11)
Scrolls
 h - a scroll of immolation
 l - a scroll of identify
 u - 2 scrolls of amnesia
Potions
 a - 3 potions of lignification {unknown}
 d - 2 potions of curing {unknown}
 e - a potion of degeneration {unknown}
 m - 3 potions of heal wounds {unknown}
 s - a potion of magic {unknown}
 t - a potion of attraction {unknown}
 v - a potion of haste


   Skills:
 + Level 2.9 Fighting
 - Level 2.3 Dodging
 - Level 1.6 Stealth
 + Level 3.4 Shields
 - Level 0.2 Unarmed Combat
 * Level 5.7 Spellcasting
 - Level 1.4 Invocations


You couldn't memorise any spells.
You knew the following spells:

 Your Spells              Type           Power      Damage    Failure   Level
a - Sandblast             Erth           50%        2d12      1%          1
b - Passwall              Tmut/Erth      20%        N/A       1%          2
c - Stone Arrow           Conj/Erth      50%        3d10      3%          3
d - Petrify               Tmut/Erth      25%        N/A       12%         4
e - Lee's Rapid Deconstr  Erth           12%        3d10*     34%         5
f - Foxfire               Conj/Fire      100%       2x1d9     1%          1
g - Call Imp              Summ           25%        N/A       1%          2
h - Ozocubu's Armour      Ice            25%        N/A       3%          3
Your spell library was empty.

Dungeon Overview and Level Annotations

Branches:
Dungeon (5/15)
 Temple: D:4-7

Altars:
Elyvilon
Gozag
Uskayaw
Yredelemnul
The Shining One

Annotations:
D:2 1 runed translucent door, Crazy Yiuf


Innate Abilities, Weirdness & Mutations

You are immune to poison.
Your flesh is very heat resistant. (rF++)
You are vulnerable to cold. (rC-)
You float through the air rather than walking.
You learn spells naturally, not from books.
Your magical power is your life essence.
You have superior vitality. (+4 HP)


Message History

The jelly is heavily wounded.
b - 137 stones The jelly hits you.
You are splashed with acid!
Casting: Sandblast (safe; 1% risk of failure)
Confirm with . or Enter, or press ? or * to list all spells.
Aiming: Sandblast (safe; 1% risk of failure)
Press: ? - help, Shift-Dir - straight line, f/p - jelly
Aim: a jelly (heavily wounded, haloed, 100% to hit)
The blast of sand hits the jelly!
You kill the jelly!
b - 136 stones
Found 15 stones.
Found a robe.
b - 151 stones (gained 15)
You are no longer corroded.
Found a thick hardcover book.
An ogre comes into view. It is wielding a +0 giant club.
The ogre shouts!
Found a scroll of identify.
Casting: Sandblast (safe; 1% risk of failure)
Confirm with . or Enter, or press ? or * to list all spells.
A film of ice covers your body! You block the ogre's attack.
Casting: Ozocubu's Armour (dangerous; 3% risk of failure)
Confirm with . or Enter, or press ? or * to list all spells.
Aiming: Sandblast (safe; 1% risk of failure)
Press: ? - help, Shift-Dir - straight line, f - ogre
Aim: an ogre, wielding a +0 giant club (haloed, 93% to hit)
The blast of sand hits the ogre!
The ogre is heavily wounded.
b - 150 stones The ogre hits you with a +0 giant club!!
* * * LOW HITPOINT WARNING * * *
Your icy armour will break if you move.
Continue?
Your icy armour cracks and falls away as you move.
An orc priest comes into view. It is wielding a +0 hand axe.
The orc priest shouts!
The orc priest barely misses you.
The orc priest mumbles some strange prayers to Beogh against you.
Beogh smites you!
You die...

#( ..####. ..'.... ...#
# .##### .... .. #..
...##################.#
###.#
...##..................
#....
...##...........o..###
#....
...##.........O.@....#
#....
...##..............#.#
####)
.....#############.#
#.... ...#.# .# #.###
[..#.# # #. .?.#.# #.
####.# .g #.# .o #.#
..o


You could see an ogre and an orc priest.

Vanquished Creatures
  A black bear (D:4)
  An ogre (D:5)
  A phantom (D:4)
  A gnoll sergeant (D:5)
  A scorpion (D:4)
  A jelly (D:5)
  Jessica (D:3)
  Natasha (thrice) (D:4)
  Robin (D:3)
  6 gnolls
  5 adders
  2 worms (D:3)
  5 orcs
  7 ball pythons
  5 endoplasms
  A giant cockroach (D:4)
  15 goblins
  5 hobgoblins
  13 jackals
  3 kobolds
  3 quokkas
  7 bats
  2 frilled lizards
  3 rats
93 creatures vanquished.

Vanquished Creatures (others)
  202 foxfires
  A fungus (D:2)
203 creatures vanquished.

Grand Total: 296 creatures vanquished

Notes
Turn   | Place    | Note
-------+----------+-------------------------------------------
     0 | D:1      | Gaff the Djinni Earth Elementalist began the quest for the
                  | Orb.
     0 | D:1      | Reached XP level 1. HP: 15/15 MP: 0/0
   151 | D:1      | Reached skill level 3 in Spellcasting
   152 | D:1      | Reached XP level 2. HP: 17/21 MP: 0/0
   292 | D:1      | Found a faded altar of an unknown god.
   308 | D:1      | Became a worshipper of the Shining One
   308 | D:1      | Reached * piety under the Shining One
  1137 | D:2      | Reached XP level 3. HP: 24/25 MP: 0/0
  1137 | D:2      | Learned a level 1 spell: Foxfire
  2244 | D:2      | Found a runed translucent door.
  2245 | D:2      | Noticed Crazy Yiuf
  2391 | D:3      | Reached XP level 4. HP: 25/31 MP: 0/0
  2871 | D:3      | Noticed Robin
  2888 | D:3      | Reached skill level 1 in Shields
  2891 | D:3      | Noticed Jessica
  2892 | D:3      | Reached skill level 1 in Invocations
  2895 | D:3      | Killed Jessica
  2896 | D:3      | Reached skill level 4 in Spellcasting
  3112 | D:3      | Reached XP level 5. HP: 31/35 MP: 0/0
  3112 | D:3      | Learned a level 2 spell: Call Imp
  3405 | D:3      | Killed Robin
  3496 | D:4      | Reached skill level 1 in Fighting
  3613 | D:4      | Reached XP level 6. HP: 33/42 MP: 0/0
  3702 | D:4      | Reached ** piety under the Shining One
  3789 | D:4      | Noticed Natasha
  3794 | D:4      | Killed Natasha
  3814 | D:4      | Noticed Natasha
  3817 | D:4      | Killed Natasha
  3892 | D:4      | Noticed Natasha
  3898 | D:4      | Killed Natasha
  3917 | D:4      | Reached skill level 5 in Spellcasting
  4051 | D:4      | Noticed a black bear
  4068 | D:4      | Killed a black bear
  4069 | D:4      | Reached XP level 7. HP: 43/49 MP: 0/0
  4069 | D:4      | Learned a level 3 spell: Ozocubu's Armour
  4223 | D:4      | Found a basalt altar of Yredelemnul.
  4297 | D:4      | Found an opulent altar of Gozag.
  4546 | D:5      | Entered Level 5 of the Dungeon
  4566 | D:5      | Found a white marble altar of Elyvilon.
  4641 | D:5      | Found a hide-covered altar of Uskayaw.
  4974 | D:5      | Killed from afar by an orc priest

Illustrated notes

Levels and vault maps discovered:
D:1:      lemuel_arrival_hallway, layout_basic,
          hellmonk_ecumenical_altar_arch_garden, minmay_misc_feat_pillars
D:2:      layout_loops_ring, uniq_crazy_yiuf_cottage
D:3:      layout_basic, uniq_robin, uniq_jessica
D:4:      layout_cave_pools, grunt_gozag_breadcrumbs, lemuel_tele_altar,
          uniq_natasha
D:5:      layout_basic, lemuel_crystal_altar, nicolae_uskayaw_suspiria,
          gup_sewer_entry_spiral, kennysheep_dice

Skill      XL: |  1  2  3  4  5  6 |
---------------+-------------------+-----
Spellcasting   | 3 4 5 |  5.7
Shields        | 1 2 3 |  3.4
Invocations    | 1 |  1.4
Fighting       | 1 2 |  2.9
Dodging        | |  2.3
Stealth        | |  1.6
Unarmed Combat | |  0.2

Action                   |  1- 3 |  4- 6 |  7- 9 || total
-------------------------+-------+-------+-------++-------
Melee: Dagger            |    10 |    14 |     3 ||    27
       Unarmed           |     1 |       |       ||     1
 Cast: Sandblast         |    28 |     2 |     5 ||    35
       Foxfire           |    29 |    94 |    19 ||   142
       Stone Arrow       |       |       |     7 ||     7
       Ozocubu's Armour  |       |       |     1 ||     1
  Use: Scroll            |       |     3 |     4 ||     7
Armor: Robe              |     6 |     8 |     1 ||    15
Dodge: Dodged            |    35 |    18 |     3 ||    56
Block: Buckler           |     5 |     8 |     2 ||    15

Table legend: (Time is in decaauts)
 A = Elapsed time spent in this place.
 B = Non-inter-level travel time spent in this place.
 C = Inter-level travel time spent in this place.
 D = Time resting spent in this place.
 E = Time spent auto-exploring this place.
 F = Levels seen in this place.
 G = Mean time per level.
                   A        B        C        D        E       F      G
               +--------+--------+--------+--------+--------+-----+--------+
         Total |   4982 |   4655 |    327 |   1734 |   1928 |   5 |  996.4 |
       Dungeon |   4982 |   4655 |    327 |   1734 |   1928 |   5 |  996.4 |
               +--------+--------+--------+--------+--------+-----+--------+

Top non-repeatable levels by time:
     D:2: 1448 daAuts
     D:3: 1146 daAuts
     D:4: 1109 daAuts
     D:1: 1069 daAuts
     D:5: 208 daAuts
